 Dungeon Crawl Stone Soup version 0.21-a0-33-g8b44e26 (webtiles) character file.

152 grindst0ne the Shield-Bearer (level 5, -3/43 HPs)
             Began as a Formicid Fighter on May 27, 2017.
             Slain by a wight
             ... wielding a +0 war axe
              (10 damage)
             ... on level 3 of the Dungeon.
             The game lasted 00:03:42 (1659 turns).

grindst0ne the Shield-Bearer (Formicid Fighter)     Turns: 1659, Time: 00:03:43

Health: -3/43      AC:  9    Str: 21    XL:     5   Next: 60%
Magic:  5/5        EV:  8    Int:  7    God:
Gold:   115        SH:  9    Dex: 11    Spells: 4/4 levels left

rFire    + . .     SeeInvis +   a - +0 war axe
rCold    . . .     Gourm    .   c - +0 shield
rNeg     . . .     Faith    .   g - +2 scale mail {rF+}
rPois    .         Spirit   .   (helmet unavailable)
rElec    .         Reflect  .   (no cloak)
rCorr    .         Harm     .   (no gloves)
MR       .....                  (no boots)
Stlth    ..........             (no amulet)
Regen    0.2/turn               (no ring)
MPRegen  0.1/turn               (no ring)

@: drained
A: permanent stasis, dig shafts and tunnels, four strong arms, antennae 3
a: Dig, Shaft Self


You were on level 3 of the Dungeon.
You were not hungry.

You visited 1 branch of the dungeon, and saw 3 of its levels.

You collected 115 gold pieces.

Inventory:

Hand Weapons
 a - a +0 war axe (weapon)
Armour
 b - a +0 scale mail
 c - a +0 shield (worn)
 g - a +2 scale mail of fire resistance (worn)
Jewellery
 t - an uncursed ring of protection from magic {unknown}
Wands
 p - a wand of iceblast (7/15)
Scrolls
 h - a scroll of amnesia {unknown}
 i - a scroll of blinking {unknown}
 l - a scroll of identify {unknown}
 m - a scroll of magic mapping {unknown}
 o - a scroll of teleportation {unknown}
 q - a scroll of recharging {unknown}
 r - 2 scrolls of enchant armour {unknown}
 u - a scroll of remove curse {unknown}
Potions
 d - a potion of might
 e - 2 potions of magic {unknown}
 n - a potion of mutation {unknown}
Comestibles
 f - 2 bread rations
 j - a meat ration
 k - 2 royal jellies
 s - 3 chunks of flesh


   Skills:
 + Level 4.3(3.8) Fighting
 + Level 3.3(2.8) Axes
 + Level 4.2(3.7) Armour
 + Level 4.4(3.9) Shields


You had 4 spell levels left.
You didn't know any spells.

Dungeon Overview and Level Annotations

Branches:
Dungeon (3/15)

Altars:
Hepliaklqana
Okawaru
Trog


Innate Abilities, Weirdness & Mutations

You cannot be hasted, slowed, berserked, paralysed or teleported.
You can dig through walls and to a lower floor.
Your four strong arms can wield two-handed weapons with a shield.
You have a pair of large antennae on your head. (SInv)


Message History

You see here a spear.
The wight closely misses you.
You see here a ring mail.
You extend your mandibles.
You dig through the rock wall.
You retract your mandibles.
You extend your mandibles.
You dig through the rock wall.
You retract your mandibles.
You extend your mandibles.
You dig through the rock wall.
You dig through the rock wall.
The wight barely misses you.
You dig through the rock wall.
You retract your mandibles.
There is a stone staircase leading up here.
(D) Dungeon
Where to? (Enter - D:3, ? - help)
There are monsters nearby!
The wight hits you with a war axe!
You die...

###########
#......)@[#
##.......z.#
#.(........#
#.##..#.####
#.##.#z##
#)##.z##
#####(##.##
###..#).#..##..
#........#....#


You could see 3 wights.

Vanquished Creatures
  A wight (D:3)
  3 adders (D:2)
  2 oozes
  A worm (D:2)
  3 dart slugs
  2 leopard geckos (D:2)
  An orc (D:3)
  8 bats
  A giant cockroach (D:1)
  10 goblins
  11 hobgoblins
  A quokka (D:3)
  A ball python (D:2)
  2 frilled lizards
  11 kobolds
  4 rats
62 creatures vanquished.

Notes
Turn   | Place    | Note
-------+----------+-------------------------------------------
     0 | D:1      | grindst0ne the Formicid Fighter began the quest for the Orb.
     0 | D:1      | Reached XP level 1. HP: 18/18 MP: 1/1
    55 | D:1      | Reached XP level 2. HP: 24/24 MP: 2/2
   448 | D:1      | Reached XP level 3. HP: 29/29 MP: 3/3
   866 | D:2      | Reached XP level 4. HP: 31/37 MP: 4/4
   891 | D:2      | Found a faded altar of an unknown god.
  1060 | D:2      | Found a hazy altar of Hepliaklqana.
  1060 | D:2      | Found a bloodstained altar of Trog.
  1061 | D:2      | Found an iron altar of Okawaru.
  1353 | D:2      | Reached XP level 5. HP: 40/42 MP: 5/5
  1628 | D:3      | HP: 2/43 [wight/enchanted falchion (1)]
  1659 | D:3      | Slain by a wight

Vault maps used:
D:1:      lightli_arrival_maybe_door_vault
D:2:      kb_forest_paths, gammafunk_temple_overflow_claw, first_bread,
          chequers_ecumenical_altar_simple, minmay_unequal
D:3:      nicolae_overflow_hidden_temple, kennysheep_generic_room_4

Skill      XL: |  1  2  3  4 |
---------------+-------------+-----
Shields        | 4 |  4.4
Axes           | 3 |  3.3
Fighting       | 4 |  4.3
Armour         | 4 |  4.2

Action                   |  1- 3 |  4- 6 || total
-------------------------+-------+-------++-------
Melee: War axe           |   118 |   120 ||   238
 Abil: Dig               |       |     3 ||     3
  Eat: Chunk             |       |     3 ||     3
Armor: Scale mail        |    60 |    70 ||   130
Dodge: Dodged            |    34 |    55 ||    89
Block: Shield            |    68 |    82 ||   150
